 Dungeon Crawl Stone Soup version 0.29-a0-577-gafbf2c5d25 (webtiles) character file.

Game seed: 4382889661650108087

14 shoop the Insei (level 2, -5/23 HPs)
             Began as a Meteoran Transmuter on June 13, 2022.
             Slain by a gnoll
             ... wielding a +0 flail
              (9 damage)
             ... on level 1 of the Dungeon.
             The game lasted 00:02:19 (335 turns).

shoop the Insei (Meteoran Transmuter)                Turns: 335, Time: 00:02:20

Health: -5/23      AC:  3    Str: 11    XL:     2   Next: 82%
Magic:  6/7        EV: 12    Int: 14    God:
Gold:   22         SH:  0    Dex: 14    Spells: 6/7 levels left

rFire   . . .      SeeInvis .     - Unarmed
rCold   . . .      Faith    .   (no shield)
rNeg    . . .      Spirit   .   a - +0 robe
rPois   .          Reflect  .   (helmet currently unavailable)
rElec   .          Harm     .   (no cloak)
rCorr   .          Rampage  .   l - +0 pair of gloves
Will    .....                   (boots currently unavailable)
Stlth   +.........              (no amulet)
HPRegen 0.07/turn               (no ring)
MPRegen 0.10/turn               (no ring)

@: appendages, very slightly contaminated, glowing
A: horns 2, talons 2, sense surroundings 1, otherworldly, glowing, explore regen
a: End Transformation


You were on level 1 of the Dungeon.
You had temporarily grown beastly horns and talons.
You visited 1 branch of the dungeon, and saw 2 of its levels.

You collected 22 gold pieces.

Inventory:

Armour
 a - a +0 robe (worn)
 l - a +0 pair of gloves (worn)
Scrolls
 e - 3 scrolls of identify {unknown}
 f - a scroll of magic mapping {unknown}
 g - 2 scrolls of blinking {unknown}
 i - a scroll of vulnerability {unknown}
 j - 2 scrolls of teleportation {unknown}
 m - a scroll of acquirement {unknown}
Potions
 b - a potion of lignification
 c - a potion of heal wounds {unknown}
 d - 2 potions of invisibility {unknown}
 h - a potion of flight {unknown}
 k - 2 potions of brilliance {unknown}


   Skills:
 - Level 1.1 Fighting
 - Level 2.4 Dodging
 - Level 3.6 Unarmed Combat
 + Level 3.1 Spellcasting
 * Level 3.3 Transmutations


You had 6 spell levels left.
You knew the following spells:

 Your Spells              Type           Power      Damage    Failure   Level
a - Beastly Appendage     Tmut           22%        N/A       5%          1

Your spell library contained the following spells:

 Spells                   Type           Power      Damage    Failure   Level
 Wereblood                Tmut           11%        N/A       9%          2
 Spider Form              Tmut/Pois      6%         N/A       32%         3
 Ice Form                 Ice/Tmut       6%         N/A       71%         4


Dungeon Overview and Level Annotations

Branches:
Dungeon (2/15)

Altars:


Innate Abilities, Weirdness & Mutations

You have temporarily grown beastly horns and talons.
You passively map a small area around you.
You are easily found by Zot.
You glow in the dark.
You regain HP and MP as you explore.


Message History

You see here a +0 pair of gloves.
l - a +0 pair of gloves You start putting on your armour.
You continue putting on your +0 pair of gloves. x4
You finish putting on your +0 pair of gloves.
Found 9 gold pieces and a scroll labelled DOODIAXI QUIRREO.
Found a stone staircase leading down.
You now have 22 gold pieces (gained 9).
j - 2 scrolls labelled DOODIAXI QUIRREO (gained 1)
The goblin shouts!
Casting: Beastly Appendage (safe; 5% risk of failure)
Confirm with . or Enter, or press ? or * to list all spells.
You grow a pair of large bovine horns.
Your feet morph into talons.
You hit the goblin.
You kill the goblin!
Things that are here:
a +0 dagger; a goblin corpse
Found 6 poisoned darts.
Your transformation is almost over.
m - a scroll labelled ARIPINI PIQIHO Your horns disappear.
Your talons disappear.
The gnoll shouts!
You see here a scroll labelled OLESOA BANIA.
g - 2 scrolls labelled OLESOA BANIA (gained 1)
Casting: Beastly Appendage (safe; 5% risk of failure)
Confirm with . or Enter, or press ? or * to list all spells.
You miscast Beastly Appendage.
You are very lightly contaminated with residual magic.
Nothing appears to happen.
Casting: Beastly Appendage (safe; 5% risk of failure)
Confirm with . or Enter, or press ? or * to list all spells.
You grow a pair of large bovine horns.
Your feet morph into talons.
You hit the gnoll but do no damage. The gnoll hits you with a +0 flail!
You closely miss the gnoll. The gnoll barely misses you.
You hit the gnoll but do no damage. The gnoll hits you with a +0 flail!
* * * LOW HITPOINT WARNING * * *
You closely miss the gnoll. You headbutt the gnoll.
The gnoll is heavily wounded.
The gnoll hits you with a +0 flail!
You die...

, ### ##.......#..... ,
..* #...#.#....... #.#
#####......... *#..#
##...)..†. , ..
#..##########..#..... *
#.#*#>.........##.#......
*
,#..##...........)........
*#...........)..†########
###....@g.......# ≈≈≈≈≈≈
#..#.##..###..#


.PPP. * ##.........#..# PP.P. #............# ≈≈≈≈≈≈ , * #............# ≈≈≈≈≈
.###............# ♣♣P.♣ * ..(..............# * P♣PP , , ,##..##...........# P♣..
#..........#....# ≈≈≈≈≈ You could see a gnoll.

Vanquished Creatures
  An endoplasm (D:1)
  3 goblins (D:1)
  A hobgoblin (D:2)
  2 quokkas (D:1)
  A ball python (D:1)
  A bat (D:1)
  A frilled lizard (D:1)
  A kobold (D:1)
  3 rats
14 creatures vanquished.

Notes
Turn   | Place    | Note
-------+----------+-------------------------------------------
     0 | D:1      | shoop the Meteoran Transmuter began the quest for the Orb.
     0 | D:1      | Reached XP level 1. HP: 16/16 MP: 5/5
    67 | D:1      | Reached XP level 2. HP: 22/23 MP: 4/6
   184 | D:2      | Found a faded altar of an unknown god.
   335 | D:1      | Slain by a gnoll

Illustrated notes

Levels and vault maps discovered:
D:1:      lightli_arrival_farm, layout_rooms, serial_corexii_hall,
          chequers_hall_statues_corner_a, corexii_hall_statues_l,
          item_on_display_a
D:2:      layout_basic, ebering_ecumenical_altar_mist, minmay_close_crescents,
          uniq_robin

Skill      XL: |  1  2 |
---------------+-------+-----
Spellcasting   | 3 |  3.1
Transmutations | 3 |  3.3
Fighting       | |  1.1
Dodging        | |  2.4
Unarmed Combat | |  3.6

Action                   || total
-------------------------++-------
Melee: Unarmed           ||    33
       Kick              ||     7
       Headbutt          ||     1
 Cast: Beastly Appendage ||     7
Armor: Robe              ||     2
Dodge: Dodged            ||    14

Table legend: (Time is in decaauts)
 A = Elapsed time spent in this place.
 B = Non-inter-level travel time spent in this place.
 C = Inter-level travel time spent in this place.
 D = Time resting spent in this place.
 E = Time spent auto-exploring this place.
 F = Levels seen in this place.
 G = Mean time per level.
                   A        B        C        D        E       F      G
               +--------+--------+--------+--------+--------+-----+--------+
         Total |    332 |    332 |      0 |      0 |      0 |   2 |  166.0 |
       Dungeon |    332 |    332 |      0 |      0 |      0 |   2 |  166.0 |
               +--------+--------+--------+--------+--------+-----+--------+

Top non-repeatable levels by time:
     D:1: 166 daAuts
     D:2: 166 daAuts
